 Dungeon Crawl Stone Soup version 0.29.1-2-gbd0b4ee654 (webtiles) character file.

Game seed: 13350301878852965353

25 xian the Trooper (level 2, 0/24 HPs)
             Began as a Demonspawn Abyssal Knight on Nov 18, 2022.
             Was a Believer of Lugonu.
             Succumbed to an adder's poison
             ... on level 2 of the Dungeon.
             The game lasted 00:02:00 (1535 turns).

xian the Trooper (Demonspawn Abyssal Knight)        Turns: 1535, Time: 00:02:01

Health: 0/24       AC:  3    Str: 13    XL:     2   Next: 82%
Magic:  4/4        EV: 11    Int: 11    God:    Lugonu [**....]
Gold:   16         SH:  0    Dex: 13    Spells: 1/1 levels left

rFire   + . .      SeeInvis .   a - +1 short sword
rCold   . . .      Faith    .   (no shield)
rNeg    . . .      Spirit   .   b - +0 leather armour
rPois   .          Reflect  .   (no helmet)
rElec   .          Harm     .   (no cloak)
rCorr   .          Rampage  .   (no gloves)
Will    .....                   (no boots)
Stlth   +.........              (no amulet)
HPRegen 0.08/turn               c - ring of protection from fire
MPRegen 0.09/turn               (no ring)

@: lethally poisoned (0 -> -4)
A: powered by death 1
a: Renounce Religion, Depart the Abyss, Bend Space


You were on level 2 of the Dungeon.
You worshipped Lugonu.
Lugonu was pleased with you.
You visited 1 branch of the dungeon, and saw 2 of its levels.
You visited the Abyss 1 time.

You collected 16 gold pieces.

Inventory:

Hand Weapons
 a - a +1 short sword (weapon)
Missiles
 h - 6 poisoned darts
Armour
 b - a +0 leather armour (worn)
Jewellery
 c - a ring of protection from fire (left hand)
Scrolls
 d - a scroll of enchant armour {unknown}
 f - a scroll of noise {unknown}
 g - a scroll of teleportation {unknown}
Potions
 e - a potion of curing {unknown}


   Skills:
 + Level 3.5 Fighting
 + Level 1.9 Short Blades
 + Level 2.1 Armour
 + Level 1.0 Dodging
 * Level 2.7 Invocations


You had one spell level left.
You didn't know any spells.
Your spell library contained the following spells:

 Spells                   Type           Power      Damage    Failure   Level
 Dazzling Flash           Conj/Hex       0%         N/A       80%         3
 Gell's Gravitas          Tloc           0%         N/A       80%         3
 Lesser Beckoning         Tloc           0%         N/A       80%         3
 Teleport Other           Tloc           0%         N/A       80%         3
 Agony                    Necr           0%         N/A       100%        5
 Silence                  Hex/Air        0%         N/A       100%        5


Dungeon Overview and Level Annotations

Branches:
Dungeon (2/15)

Altars:


Innate Abilities, Weirdness & Mutations

You regenerate a little health from kills.


Message History

The helpless bat fails to defend itself.
You hit the bat.
The bat is severely wounded.
The bat barely misses you. The bat hits you but does no damage.
You hit the bat.
You kill the bat!
Lugonu accepts your kill.
You see here a bat corpse.
Done exploring.
There is an open door here.
There is a stone staircase leading down here.
You climb downwards.
There is a stone staircase leading up here.
There is a stone staircase leading up here.
An adder comes into view.
The adder hisses angrily.
You barely miss the adder. The adder bites you.
You are poisoned.
The adder poisons you!
You miss the adder.
You feel sick. The adder bites you.
You are more poisoned.
The adder poisons you!
You hit the adder but do no damage.
You feel very sick. The adder barely misses you. The adder bites you.
You closely miss the adder.
You feel sick. The adder bites you.
You hit the adder.
The adder is lightly wounded.
* * * LOW HITPOINT WARNING * * *
You feel sick. The adder bites you but does no damage.
You hit the adder.
The adder is heavily wounded.
* * * LOW HITPOINT WARNING * * *
You feel sick. The adder bites you.
* * * LOW HITPOINT WARNING * * *
The adder closely misses you.
Unknown command.
You closely miss the adder.
The adder is heavily wounded.
You die...

#.#
#.#
#.#
#.#
#.#
#.#
#.#
#.#
#@#
#S#
#.#
#.#
#..
###


You could see an adder.

Vanquished Creatures
  A dart slug (D:1)
  2 ball pythons (D:1)
  4 giant cockroaches (D:1)
  A goblin (D:1)
  4 hobgoblins (D:1)
  A quokka (D:1)
  A bat (D:1)
  A frilled lizard (D:1)
  4 kobolds (D:1)
  2 rats (D:1)
21 creatures vanquished.

Notes
Turn   | Place    | Note
-------+----------+-------------------------------------------
     0 | Abyss:1  | xian the Demonspawn Abyssal Knight began the quest for the
                  | Orb.
     0 | Abyss:1  | Reached XP level 1. HP: 18/18 MP: 2/2
     7 | Abyss:1  | Found a corrupted altar of Lugonu.
    56 | Abyss:1  | Noticed a worldbinder
    57 | Abyss:1  | Noticed a skeletal warrior
    69 | D:1      | Escaped the Abyss
   627 | D:1      | Gained mutation: You regenerate a little health from kills.
                  | [demonic ancestry]
   627 | D:1      | Reached XP level 2. HP: 24/24 MP: 3/3
   649 | D:1      | Reached skill level 1 in Dodging
  1534 | D:2      | HP: 1/24 [adder (4)]
  1535 | D:2      | Succumbed to an adder's poison

Illustrated notes

Levels and vault maps discovered:
D:1:      psy_arrival_fountain, layout_loops_corners, nicolae_titane
D:2:      layout_loops_ring, uniq_robin, uniq_sigmund

Skill      XL: |  1  2 |
---------------+-------+-----
Dodging        | 1 |  1.0
Armour         | 2 |  2.1
Fighting       | |  3.5
Short Blades   | |  1.9
Invocations    | |  2.7

Action                   || total
-------------------------++-------
Melee: Short sword       ||    93
Invok: Depart the Abyss  ||     1
 Stab: Sleeping          ||     1
Armor: Leather armour    ||    25
Dodge: Dodged            ||    45
